 Dungeon Crawl Stone Soup version 0.21-a0-531-gacddea6 (webtiles) character file.

170 slep the Chopper (level 5, 0/39 HPs)
             Began as a Demonspawn Gladiator on Dec 14, 2017.
             Slain by an orc priest
             ... wielding a +0 falchion
              (3 damage)
             ... on level 4 of the Dungeon.
             The game lasted 00:08:17 (1653 turns).

slep the Chopper (Demonspawn Gladiator)             Turns: 1653, Time: 00:08:17

Health: 0/39       AC:  7    Str: 15    XL:     5   Next: 26%
Magic:  0/5        EV: 15    Int:  9    God:
Gold:   191        SH:  0    Dex: 15    Spells: 4/4 levels left

rFire    . . .     SeeInvis +   a - +0 war axe
rCold    . . .     Gourm    .   (no shield)
rNeg     . . .     Faith    .   b - +0 leather armour
rPois    .         Spirit   +   c - +0 helmet
rElec    .         Reflect  .   (no cloak)
rCorr    .         Harm     .   G - +0 pair of gloves
MR       .....                  (no boots)
Stlth    +.........             (no amulet)
HPRegen  0.13/turn              t - ring of see invisible
MPRegen  0.09/turn              v - +2 ring of protection

@: no status effects
A: repulsion field 1, magic shield
a: no special abilities


You were on level 4 of the Dungeon.
You were not hungry.

You visited 1 branch of the dungeon, and saw 4 of its levels.

You collected 191 gold pieces.

Inventory:

Hand Weapons
 a - a +0 war axe (weapon)
Missiles
 d - 4 throwing nets (quivered)
 p - 7 tomahawks
Armour
 b - a +0 leather armour (worn)
 c - a +0 helmet (worn)
 G - a +0 pair of gloves (worn)
Jewellery
 t - a ring of see invisible (left hand)
 v - a +2 ring of protection (right hand)
 C - an uncursed ring of flight
 I - a +2 ring of intelligence
Wands
 y - a wand of flame (15)
Scrolls
 e - a scroll of fog {unknown}
 j - 2 scrolls of remove curse {unknown}
 m - 4 scrolls of identify {unknown}
 r - a scroll of noise {unknown}
 s - 4 scrolls of amnesia {unknown}
 u - a scroll of enchant weapon {unknown}
 w - 3 scrolls of teleportation {unknown}
 F - a scroll of magic mapping {unknown}
 H - a scroll of blinking {unknown}
Potions
 i - a potion of agility
 l - a potion of flight {unknown}
 n - a potion of magic {unknown}
 o - a potion of degeneration {unknown}
 x - 2 potions of curing
 z - a potion of brilliance {unknown}
 A - a potion of might {unknown}
 B - 3 potions of mutation {unknown}
 D - a potion of resistance {unknown}
 E - a potion of invisibility {unknown}
 J - a potion of heal wounds {unknown}
Comestibles
 f - 5 bread rations
 g - a chunk of flesh
 h - 2 meat rations
 k - 4 fruits
 q - 3 royal jellies


   Skills:
 + Level 2.7 Fighting
 + Level 4.3 Axes
 + Level 1.8 Throwing
 + Level 1.2 Armour
 + Level 3.2 Dodging
 + Level 0.4 Stealth


You had 4 spell levels left.
You didn't know any spells.

Dungeon Overview and Level Annotations

Branches:
Dungeon (4/15)
 Temple: D:4-7

Altars:
Qazlal
Xom


Innate Abilities, Weirdness & Mutations

You are surrounded by a mild repulsion field. (EV +2)
When hurt, damage is shared between your health and your magic reserves.


Message History

The orc is heavily wounded.
You slash the orc!
You kill the orc!
The orc hits you but does no damage.
The orc priest looks satisfied for a moment.
The orc closely misses you.
You closely miss the orc.
The orc is heavily wounded.
The orc closely misses you.
You hit the orc.
You kill the orc!
You barely miss the orc priest. The orc priest barely misses you.
You hit the orc priest.
The orc priest is lightly wounded.
The orc priest hits you with a falchion!
* * * LOW HITPOINT WARNING * * *
You hit the orc priest.
The orc priest is heavily wounded.
The orc priest hits you with a falchion.
You die...

... #.# ..# ..# #
#.# # #########
#.##.##.# #.......#
#...o?..# #.......#
#@# ##.......# #.#
##.......# #####.###
#.......# #.......#
#.......# #.###.#.#
##.......###.##....#
.............##....#
.#.##...###..##....#
##≈§≈§ ## .#.##...#
#..##.##<#
##≈≈.≈Z§≈##


You could see an orc priest.

Vanquished Creatures
  A howler monkey (D:2)
  Natasha (twice) (D:4)
  A worker ant (D:4)
  An adder (D:2)
  An ooze (D:1)
  A dart slug (D:1)
  3 leopard geckos
  3 orcs
  2 ball pythons (D:1)
  3 giant cockroaches
  5 goblins
  2 hobgoblins
  2 jackals (D:2)
  2 kobolds (D:2)
  A quokka (D:2)
  5 bats
  4 frilled lizards
  4 rats
43 creatures vanquished.

Vanquished Creatures (others)
  A hound (D:4)
1 creature vanquished.

Grand Total: 44 creatures vanquished

Notes
Turn   | Place    | Note
-------+----------+-------------------------------------------
     0 | D:1      | slep the Demonspawn Gladiator began the quest for the Orb.
     0 | D:1      | Reached XP level 1. HP: 16/16 MP: 1/1
    57 | D:1      | Reached skill level 3 in Axes
    57 | D:1      | Gained mutation: You are surrounded by a mild repulsion field. (EV +2) [demonic ancestry]
    57 | D:1      | Reached XP level 2. HP: 20/22 MP: 2/2
   433 | D:3      | Gained mutation: When hurt, damage is shared between your health and your magic reserves. [demonic ancestry]
   433 | D:3      | Reached XP level 3. HP: 25/27 MP: 3/3
   480 | D:4      | Noticed a scorpion
   607 | D:2      | Found a stormy altar of Qazlal.
   675 | D:2      | Reached XP level 4. HP: 27/34 MP: 2/4
  1233 | D:4      | Noticed Natasha
  1242 | D:4      | Killed Natasha
  1242 | D:4      | Reached skill level 4 in Axes
  1242 | D:4      | Reached skill level 1 in Armour
  1314 | D:4      | Reached XP level 5. HP: 7/39 MP: 2/5
  1324 | D:4      | Found a shimmering altar of Xom.
  1614 | D:4      | Noticed Natasha
  1622 | D:4      | Killed Natasha
  1653 | D:4      | Slain by an orc priest

Vault maps used:
D:1:      mrwooster_arrival_arrow
D:2:      nicolae_qazlal_general_emergency
D:4:      first_bread, xom_confusion_cloud, uniq_natasha

Skill      XL: |  1  2  3  4 |
---------------+-------------+-----
Axes           | 3 4 |  4.3
Dodging        | 3 |  3.2
Armour         | 1 |  1.2
Fighting       | |  2.7
Throwing       | |  1.8
Stealth        | |  0.4

Action                   |  1- 3 |  4- 6 || total
-------------------------+-------+-------++-------
Melee: War axe           |    66 |    47 ||   113
  Use: Potion            |       |     3 ||     3
  Eat: Chunk             |       |     2 ||     2
Armor: Leather armour    |    21 |    14 ||    35
Dodge: Dodged            |    58 |    40 ||    98

Table legend:
 A = Spawn XP
 B = Non-spawn XP
 C = Spawn XP percentage of total XP
 D = Spawn monster count
 E = Non-spawn monster count
 F = Spawn count percentage of total count
 G = Total turns spent on level
                    A         B        C        D         E        F      G
               +---------+---------+-------+---------+---------+-------+---------
         Total |       0 |     244 |   0.0 |       0 |      43 |   0.0 |  1653
               +---------+---------+-------+---------+---------+-------+---------
           D:1 |       0 |      27 |   0.0 |       0 |      13 |   0.0 |   364
           D:2 |       0 |      92 |   0.0 |       0 |      19 |   0.0 |   335
           D:3 |       0 |      13 |   0.0 |       0 |       6 |   0.0 |   523
           D:4 |       0 |     112 |   0.0 |       0 |       5 |   0.0 |   431
               +---------+---------+-------+---------+---------+-------+---------
